Map: Abiogenesis LE

Players

SortOf - Winner!

  • Race: Zerg Zerg
  • Spawn Location: 11:00

Arctur

  • Race: Terran Terran
  • Spawn Location: 5:00

Event: WCS Leipzig 2018

VOD

Have the link to the VOD?

Description

Time

  • Played on: Jan. 26, 2018, 11:27 a.m.
  • Length: 6:07

All games in this series

Show
View Real Time Build Order
Export as new Build Order

SortOf Zerg - Winner!

Build Orders: Pool First 

Get SALT Encoding   

  12  0:00  Drone  
  13  0:12  Overlord  
  13  0:16  Drone  
  14  0:31  Drone x2  
  14  0:35  Drone  
  17  0:44  Extractor  
  17  0:47  Drone  
  17  0:50  Spawning Pool  
  17  0:56  Drone  
  17  1:07  Drone  
  18  1:19  Hatchery  
  18  1:23  Drone  
  18  1:37  Zergling x2  
  18  1:39  Roach Warren  
  18  1:41  Drone  
  19  1:49  Drone  
  20  1:56  Queen  
  22  2:03  Overlord  
  22  2:23  Roach x2  
  22  2:25  Extractor  
  24  2:36  Queen  
  27  2:37  Drone  
  27  2:38  Drone  
  29  2:45  Drone, Overlord  
  30  2:54  Roach  
  30  2:56  Roach  
  34  2:59  Spore Crawler  
  33  3:12  Drone x2  
  32  3:19  Drone  
  31  3:21  Drone x2  
  34  3:27  Drone  
  34  3:30  Ravager  
  34  3:31  Ravager  
  37  3:34  Overlord  
  37  3:39  Roach  
  39  3:49  Overlord  
  39  3:52  Metabolic Boost  
  39  3:58  Drone x2  
  41  4:04  Overlord  
  41  4:06  Roach  
  43  4:12  Roach  
  45  4:20  Roach  
  45  4:21  Overlord  
  47  4:32  Roach  
  47  4:33  Zergling x10  
  54  4:42  Zergling x8  
  58  4:54  Zergling x8  
  62  5:01  Ravager  
  62  5:02  Zergling x4  
  62  5:06  Spore Crawler  
  64  5:10  Zergling x2  
  65  5:20  Zergling x8  
  61  5:28  Zergling x4  
  61  5:29  Zergling x2  
  60  5:36  Zergling x4  
  60  5:38  Zergling x2  
  60  5:39  Zergling x4  
  61  5:43  Roach  
  61  5:45  Roach  
Show
View Real Time Build Order
Export as new Build Order

Arctur Terran 

Build Orders:  

Get SALT Encoding   

  12  0:00  SCV  
  13  0:12  SCV  
  14  0:18  Supply Depot  
  14  0:25  SCV  
  15  0:40  SCV, Barracks  
  16  0:45  Refinery  
  16  0:52  SCV  
  17  1:02  Barracks  
  17  1:05  SCV  
  18  1:17  SCV  
  19  1:28  Reaper  
  19  1:29  Orbital Command  
  20  1:39  Barracks  
  20  1:46  Refinery  
  20  1:49  Reaper  
  21  1:57  Supply Depot  
  21  2:04  Reaper  
  21  2:05  SCV  
  23  2:19  SCV  
  23  2:22  Supply Depot  
  24  2:26  Reaper  
  25  2:35  Reaper  
  25  2:36  SCV  
  27  2:39  Reaper  
  28  2:52  Command Center  
  28  2:57  SCV  
  28  3:15  SCV  
  28  3:18  Reaper  
  29  3:24  Factory  
  29  3:25  Barracks Tech Lab  
  28  3:27  SCV  
  28  3:32  Marine  
  30  3:39  SCV  
  31  3:50  Stimpack  
  31  3:51  SCV, Marauder, Marine x2  
  35  4:03  SCV, Orbital Command  
  35  4:05  Bunker  
  36  4:10  Barracks Reactor x2  
  36  4:15  SCV, Marine  
  38  4:20  Starport, Factory Reactor  
  38  4:27  SCV  
  38  4:30  SCV  
  40  4:31  Engineering Bay  
  40  4:36  Marine  
  41  4:39  SCV  
  41  4:42  SCV  
  41  4:44  Supply Depot  
  43  4:46  Marine x3  
  43  4:48  Marine  
  43  4:52  SCV  
  48  4:55  SCV  
  48  5:03  Factory Tech Lab  
  48  5:04  SCV  
  50  5:07  SCV  
  50  5:08  Medivac  
  52  5:16  SCV  
  52  5:17  Marine x5  
  56  5:21  Siege Tank  
  53  5:30  SCV  
  53  5:32  SCV  
  53  5:35  Marine x3  
  49  5:42  Marine x2  
  41  5:43  SCV  
  41  5:44  SCV  
  40  5:55  SCV  
Tags
 
Add a new tag
Caveats
  • Supply blocks, unpowered buildings, or Contaminate may cause inaccurate times.
  • Supply counts are checked every 10 seconds.